WCHLSIM.com - West Coast Hockey League
html PUBLIC "-//W3C//DTD XHTML 1.0 Transitional//EN" "http://www.w3.org/TR/xhtml1/DTD/xhtml1-transitional.dtd"> WCHL - Game 532 - RENO LIONS vs UTAH ICE BEARS

RENO LIONS vs UTAH ICE BEARS

Created - 4 janvier 2023 at 09:01

Goals
1 2 3 OT1 SO T
RENO LIONS 2 0 1 0 0 3
UTAH ICE BEARS 1 1 1 0 1 4
Shots
1 2 3 OT1 SO T
RENO LIONS 9 23 13 5 4 50
UTAH ICE BEARS 9 13 4 1 4 27

1st period

1. RENO LIONS , Kirill Kaprizov 27 (Steven Stamkos 36) at 0:04
2. UTAH ICE BEARS , Kyle Okposo 4 (Lucas Raymond 13, Andrew Mangiapane 13) at 13:17
3. RENO LIONS , Trevor Lewis 2 (Andreas Johnsson 3, Derek Grant 6) at 19:14

Penalties :
Alexander Barabanov (UTA) for Tripping (Minor) at 10:59

2nd period

4. UTAH ICE BEARS , Nicholas Paul 8 (Rudolfs Balcers 7) at 18:43

Penalties :
Pierre-Luc Dubois (REN) for Hooking (Minor) at 3:06

3rd period

5. RENO LIONS , Steven Stamkos 18 (Kirill Kaprizov 27) at 11:47
6. UTAH ICE BEARS , Alexander Barabanov 13 (Lucas Raymond 14, MacKenzie Weegar 21) at 12:01

Penalties :
No Penalty

Overtime #1

No Goal

Penalties :
No Penalty

Shootout

RENO LIONS, Steven Stamkos - Shot Misses the Net
UTAH ICE BEARS, Matthew Beniers - Stopped by Elvis Merzlikins
RENO LIONS, Kirill Kaprizov - Shot Misses the Net
UTAH ICE BEARS, Kyle Okposo - Stopped by Elvis Merzlikins
RENO LIONS, Elias Pettersson - Stopped by Thatcher Demko
UTAH ICE BEARS, Alexander Barabanov - Stopped by Elvis Merzlikins
RENO LIONS, Pierre-Luc Dubois - Stopped by Thatcher Demko
UTAH ICE BEARS, Nicholas Paul - Goal!

Penalties :
No Penalty

Goalie Stats

Elvis Merzlikins (REN), 24 saves from 27 shots - (0,889), OTL, 14-10-2, 65:00 minutes
Thatcher Demko (UTA), 47 saves from 50 shots - (0,940), W, 15-8-2, 65:00 minutes

Players Stats for RENO LIONS

Player Name              G  A  P  +/- PIM S  H  SB GA TA FO     MP     PP MP  PK MP  
------------------------------------------------------------------------------------
Andreas Johnsson         0  1  1  -1  0   3  0  0  0  0  0/1    12:43   0:00   0:00 
Cam Atkinson             0  0  0  -1  0   7  0  0  0  0  1/1    21:11   1:13   0:57 
Derek Grant              0  1  1  -1  0   1  1  0  0  0  10/19  12:43   0:00   0:00 
Elias Pettersson         0  0  0   2  0   6  1  0  0  0  2/3    20:45   0:46   0:00 
Ethan Bear               0  0  0   0  0   0  0  1  0  0  0/0    15:46   0:00   0:52 
Ilya Mikheyev            0  0  0  -1  0   6  0  0  0  0  0/0    20:14   1:13   0:00 
Jacob Trouba             0  0  0   0  0   4  4  2  0  0  0/0    27:05   1:15   0:00 
Kirill Kaprizov          1  1  2   2  0   7  0  0  0  0  2/3    21:43   0:46   0:00 
Mattias Samuelsson       0  0  0   0  0   0  0  3  0  0  0/0    20:03   0:44   1:07 
Nicholas Ritchie         0  0  0   0  0   0  0  0  0  0  0/0     6:24   0:00   0:00 
Nikita Zadorov           0  0  0   0  0   0  2  0  0  0  0/0    19:49   0:44   0:52 
Oliver Ekman-Larsson     0  0  0   0  0   0  0  2  0  0  0/0    26:16   1:15   0:00 
Patrick Brown            0  0  0   0  0   0  0  0  0  0  6/12    7:33   0:00   1:09 
Pierre-Luc Dubois        0  0  0  -1  2   7  2  0  0  0  17/24  22:02   1:13   0:00 
Robert Hagg              0  0  0   0  0   0  0  1  0  0  0/0    16:01   0:00   1:07 
Steven Stamkos           1  1  2   2  0   4  1  0  0  0  21/33  21:55   0:46   0:12 
Trevor Lewis             1  0  1  -1  0   3  2  0  0  0  1/3    13:33   0:00   0:50 
Vincent Hinostroza       0  0  0   0  0   2  0  0  0  0  0/0     7:14   0:00   0:50 

Players Stats for UTAH ICE BEARS

Player Name              G  A  P  +/- PIM S  H  SB GA TA FO     MP     PP MP  PK MP  
------------------------------------------------------------------------------------
Alexander Barabanov      1  0  1   1  2   3  0  1  0  0  0/0    17:16   0:51   0:00 
Andrew Mangiapane        0  1  1  -1  0   5  2  1  0  0  1/2    20:43   0:03   0:00 
Andrew Peeke             0  0  0   1  0   0  2  2  0  0  0/0    23:30   1:05   1:09 
Blake Lizotte            0  0  0   0  0   0  0  0  0  0  6/15   11:26   0:00   0:00 
Bowen Byram              0  0  0   1  0   0  0  1  0  0  0/0    22:24   0:54   0:00 
Casey Mittelstadt        0  0  0   0  0   0  0  0  0  0  0/3    12:43   0:00   1:17 
Evgeni Malkin            0  0  0  -1  0   1  0  0  0  0  1/4     3:25   0:00   0:00 
Kyle Okposo              1  0  1  -1  0   1  1  0  0  0  4/6    20:14   0:00   0:00 
Lucas Raymond            0  2  2   2  0   3  0  0  0  0  3/16   25:45   0:51   0:00 
MacKenzie Weegar         0  1  1   0  0   3  0  2  0  0  0/0    23:32   0:54   0:00 
Mark Pysyk               0  0  0  -1  0   0  0  0  0  0  0/0    16:48   1:05   0:50 
Matthew Beniers          0  0  0   1  0   3  0  0  0  0  9/23   14:56   0:51   0:00 
Nicholas Paul            1  0  1  -1  0   4  1  0  0  0  5/9    20:22   1:08   0:42 
Ross Colton              0  0  0   0  0   1  3  0  0  0  10/19  13:58   1:05   0:00 
Rudolfs Balcers          0  1  1   0  0   2  2  0  0  0  0/1    14:29   1:08   0:42 
T.J. Brodie              0  0  0   0  0   1  0  4  0  0  0/0    23:03   0:00   1:09 
Tucker Poolman           0  0  0  -1  0   0  1  1  0  0  0/0    15:43   0:00   0:50 
Zachary Sanford          0  0  0   0  0   0  2  0  0  0  0/1    12:43   0:00   1:17 

3 Stars

1 - Steven Stamkos (REN)
2 - Thatcher Demko (UTA)
3 - Kirill Kaprizov (REN)

Power Play

RENO LIONS - 0 on 1 Attempt(s) - 0,00%
UTAH ICE BEARS - 0 on 1 Attempt(s) - 0,00%

Penalty Kill

RENO LIONS - 1 on 1 Attempt(s) - 100,00% - Score 0 goal in Penalty Kill
UTAH ICE BEARS - 1 on 1 Attempt(s) - 100,00% - Score 0 goal in Penalty Kill

Team Stat

RENO LIONS - Hits : 13 - Faceoff Wins : 60 - Blocked Shots : 9 - Penalty Minutes : 2
UTAH ICE BEARS - Hits : 14 - Faceoff Wins : 39 - Blocked Shots : 12 - Penalty Minutes : 2

Official

Referees : Conor O'Donnell and Chris Schlenker
Linesman : Pierre Racicot and Brent Colby

Game Notes

Evgeni Malkin is injured at 10:54 of 1st period (Sprained Right Knee)

Finance

Level 1 -- Attendance: 7108 (91,72%) -- Ticket Income 817 420 $
Level 2 -- Attendance: 5750 (100,00%) -- Ticket Income 442 750 $
Level 3 -- Attendance: 2500 (100,00%) -- Ticket Income 155 000 $
Level 4 -- Attendance: 4617 (92,34%) -- Ticket Income 189 297 $
Luxury Box -- Attendance: 1000 (100,00%) -- Ticket Income 250 000 $
Total Attendance: 20975 (95,34%)
Total Ticket Income: 1 854 467 $
Other Expense: 18 545 $
Total Income: 1 835 922 $

RENO LIONS

5 vs 5 Forward 
   Center                   Left Wing                Right Wing               Time % Phy DF OF 
 1 Steven Stamkos           Kirill Kaprizov          Elias Pettersson         35     0   1  4  
 2 Pierre-Luc Dubois        Ilya Mikheyev            Cam Atkinson             35     0   1  4  
 3 Derek Grant              Andreas Johnsson         Trevor Lewis             20     1   3  1  
 4 Patrick Brown            Nicholas Ritchie         Vincent Hinostroza       10     2   3  0  

5 vs 5 Defense 
   Defense                  Defense                                           Time % Phy DF OF 
 1 Jacob Trouba             Oliver Ekman-Larsson                              36     1   2  2  
 2 Nikita Zadorov           Mattias Samuelsson                                31     1   2  2  
 3 Ethan Bear               Robert Hagg                                       23     1   2  2  
 4 Jacob Trouba             Oliver Ekman-Larsson                              10     1   2  2  

PowerPlay Forward 
   Center                   Left Wing                Right Wing               Time % Phy DF OF 
 1 Pierre-Luc Dubois        Ilya Mikheyev            Cam Atkinson             70     0   0  5  
 2 Steven Stamkos           Kirill Kaprizov          Elias Pettersson         30     0   0  5  

PowerPlay Defense
   Defense                  Defense                                           Time % Phy DF OF 
 1 Jacob Trouba             Oliver Ekman-Larsson                              60     1   2  2  
 2 Mattias Samuelsson       Nikita Zadorov                                    40     1   2  2  

Penalty Kill 4 Players Forward 
   Center                   Wing                     Time % Phy DF OF 
 1 Patrick Brown            Cam Atkinson             55     1   2  2  
 2 Pierre-Luc Dubois        Vincent Hinostroza       45     1   2  2  

Penalty Kill 4 Players Defense
   Defense                  Defense                  Time % Phy DF OF 
 1 Mattias Samuelsson       Robert Hagg              55     1   2  2  
 2 Ethan Bear               Nikita Zadorov           45     1   2  2  

Penalty Kill - 3 Players Forward 
   Forward                                           Time % Phy DF OF 
 1 Cam Atkinson                                      55     1   2  2  
 2 Pierre-Luc Dubois                                 45     1   2  2  

Penalty Kill - 3 Players Defense
   Defense                  Defense                  Time % Phy DF OF 
 1 Robert Hagg              Oliver Ekman-Larsson     55     1   2  2  
 2 Mattias Samuelsson       Robert Hagg              45     1   2  2  

4 vs 4 Forward 
   Center                   Wing                     Time % Phy DF OF 
 1 Derek Grant              Andreas Johnsson         55     1   2  2  
 2 Trevor Lewis             Nicholas Ritchie         45     1   2  2  

4 vs 4 Defense
   Defense                  Defense                  Time % Phy DF OF 
 1 Ethan Bear               Robert Hagg              55     1   2  2  
 2 Nikita Zadorov           Oliver Ekman-Larsson     45     1   2  2  

Last Minutes Offensive
   Center                   Left Wing                Right Wing               Defense                  Defense                  
   Steven Stamkos           Kirill Kaprizov          Elias Pettersson         Jacob Trouba             Oliver Ekman-Larsson     

Last Minutes Defensive
   Center                   Left Wing                Right Wing               Defense                  Defense                  
   Steven Stamkos           Kirill Kaprizov          Ilya Mikheyev            Jacob Trouba             Oliver Ekman-Larsson     

Goaltenders
Starting : Elvis Merzlikins         
Backup : Eric Comrie              

Extra Forwards
Normal : Pierre-Luc Dubois, Cam Atkinson, Derek Grant - PP : Andreas Johnsson, Nicholas Ritchie - PK : Patrick Brown
Extra Defensemen
Normal : Nikita Zadorov, Ethan Bear, Jacob Trouba - PP : Oliver Ekman-Larsson - PK : Mattias Samuelsson, Robert Hagg
Penalty Shots
Steven Stamkos, Kirill Kaprizov, Elias Pettersson, Pierre-Luc Dubois, Cam Atkinson
Custom OT Lines Forwards
Steven Stamkos, Kirill Kaprizov, Elias Pettersson, Pierre-Luc Dubois, Cam Atkinson, Ilya Mikheyev, Derek Grant, Trevor Lewis, Andreas Johnsson, Nicholas Ritchie
Custom OT Lines Defensemen
Jacob Trouba, Oliver Ekman-Larsson, Nikita Zadorov, Mattias Samuelsson, Robert Hagg

Scratches
None

UTAH ICE BEARS

5 vs 5 Forward 
   Center                   Left Wing                Right Wing               Time % Phy DF OF 
 1 Evgeni Malkin            Andrew Mangiapane        Kyle Okposo              36     1   2  2  
 2 Matthew Beniers          Alexander Barabanov      Lucas Raymond            31     1   2  2  
 3 Ross Colton              Nicholas Paul            Rudolfs Balcers          23     1   2  2  
 4 Blake Lizotte            Zachary Sanford          Casey Mittelstadt        10     1   2  2  

5 vs 5 Defense 
   Defense                  Defense                                           Time % Phy DF OF 
 1 MacKenzie Weegar         T.J. Brodie                                       36     1   2  2  
 2 Bowen Byram              Andrew Peeke                                      31     1   2  2  
 3 Mark Pysyk               Tucker Poolman                                    23     1   2  2  
 4 Bowen Byram              Andrew Peeke                                      10     1   2  2  

PowerPlay Forward 
   Center                   Left Wing                Right Wing               Time % Phy DF OF 
 1 Evgeni Malkin            Rudolfs Balcers          Nicholas Paul            55     1   2  2  
 2 Matthew Beniers          Alexander Barabanov      Lucas Raymond            45     1   2  2  

PowerPlay Defense
   Defense                  Defense                                           Time % Phy DF OF 
 1 Bowen Byram              MacKenzie Weegar                                  55     1   2  2  
 2 Mark Pysyk               Andrew Peeke                                      45     1   2  2  

Penalty Kill 4 Players Forward 
   Center                   Wing                     Time % Phy DF OF 
 1 Casey Mittelstadt        Zachary Sanford          55     1   2  2  
 2 Nicholas Paul            Rudolfs Balcers          45     1   2  2  

Penalty Kill 4 Players Defense
   Defense                  Defense                  Time % Phy DF OF 
 1 Tucker Poolman           Mark Pysyk               55     1   2  2  
 2 T.J. Brodie              Andrew Peeke             45     1   2  2  

Penalty Kill - 3 Players Forward 
   Forward                                           Time % Phy DF OF 
 1 Casey Mittelstadt                                 55     1   2  2  
 2 Nicholas Paul                                     45     1   2  2  

Penalty Kill - 3 Players Defense
   Defense                  Defense                  Time % Phy DF OF 
 1 Tucker Poolman           T.J. Brodie              55     1   2  2  
 2 Mark Pysyk               Andrew Peeke             45     1   2  2  

4 vs 4 Forward 
   Center                   Wing                     Time % Phy DF OF 
 1 Evgeni Malkin            Nicholas Paul            55     1   2  2  
 2 Matthew Beniers          Alexander Barabanov      45     1   2  2  

4 vs 4 Defense
   Defense                  Defense                  Time % Phy DF OF 
 1 MacKenzie Weegar         T.J. Brodie              55     1   2  2  
 2 Mark Pysyk               Andrew Peeke             45     1   2  2  

Last Minutes Offensive
   Center                   Left Wing                Right Wing               Defense                  Defense                  
   Matthew Beniers          Kyle Okposo              Andrew Mangiapane        MacKenzie Weegar         T.J. Brodie              

Last Minutes Defensive
   Center                   Left Wing                Right Wing               Defense                  Defense                  
   Blake Lizotte            Rudolfs Balcers          Kyle Okposo              MacKenzie Weegar         T.J. Brodie              

Goaltenders
Starting : Thatcher Demko           
Backup : Connor Ingram            

Extra Forwards
Normal : Kyle Okposo, Lucas Raymond, Nicholas Paul - PP : Rudolfs Balcers, Ross Colton - PK : Nicholas Paul
Extra Defensemen
Normal : Mark Pysyk, MacKenzie Weegar, T.J. Brodie - PP : Mark Pysyk - PK : Andrew Peeke, MacKenzie Weegar
Penalty Shots
Evgeni Malkin, Matthew Beniers, Kyle Okposo, Alexander Barabanov, Nicholas Paul
Custom OT Lines Forwards
Evgeni Malkin, Andrew Mangiapane, Kyle Okposo, Alexander Barabanov, Nicholas Paul, Ross Colton, Lucas Raymond, Blake Lizotte, Rudolfs Balcers, Matthew Beniers
Custom OT Lines Defensemen
MacKenzie Weegar, T.J. Brodie, Bowen Byram, Andrew Peeke, Mark Pysyk

Scratches
Artem Zub (Back Spasms Injury), Leo Komarov (Healthy), Radim Simek (Healthy), Troy Stecher (Healthy)

% Time on Ice - RENO LIONS

Lines # - Real PCT - Wanted PCT - Time Play
Normal Forward
1 - 32% - 35% - 18:02
2 - 34% - 35% - 18:53
3 - 23% - 20% - 12:43
4 - 11% - 10% - 6:24
Normal Defense
1 - 33% - 36% - 18:39
2 - 32% - 31% - 18:12
3 - 27% - 23% - 14:54
4 - 8% - 10% - 4:17
PP Forward
1 - 61% - 70% - 1:13
2 - 39% - 30% - 0:46
PP Defense
1 - 63% - 60% - 1:15
2 - 37% - 40% - 0:44
PK Forward
1 - 58% - 55% - 1:09
2 - 42% - 45% - 0:50
PK Defense
1 - 56% - 55% - 1:07
2 - 44% - 45% - 0:52
PK3 Forward
1 - 0% - 55%
2 - 0% - 45%
PK3 Defense
1 - 0% - 55%
2 - 0% - 45%
44 Forward
1 - 0% - 55%
2 - 0% - 45%
44 Defense
1 - 0% - 55%
2 - 0% - 45%
Last Minute Offensive  - 0:00
Last Minute Defensive  - 0:00
Total
Forward - 60:00
Defense - 60:00

% Time on Ice - UTAH ICE BEARS

Lines # - Real PCT - Wanted PCT - Time Play
Normal Forward
1 - 32% - 36% - 17:52
2 - 25% - 31% - 14:05
3 - 23% - 23% - 12:39
4 - 20% - 10% - 11:26
Normal Defense
1 - 35% - 36% - 19:53
2 - 30% - 31% - 16:45
3 - 27% - 23% - 14:53
4 - 8% - 10% - 4:31
PP Forward
1 - 57% - 55% - 1:08
2 - 43% - 45% - 0:51
PP Defense
1 - 45% - 55% - 0:54
2 - 55% - 45% - 1:05
PK Forward
1 - 65% - 55% - 1:17
2 - 35% - 45% - 0:42
PK Defense
1 - 42% - 55% - 0:50
2 - 58% - 45% - 1:09
PK3 Forward
1 - 0% - 55%
2 - 0% - 45%
PK3 Defense
1 - 0% - 55%
2 - 0% - 45%
44 Forward
1 - 0% - 55%
2 - 0% - 45%
44 Defense
1 - 0% - 55%
2 - 0% - 45%
Last Minute Offensive  - 0:00
Last Minute Defensive  - 0:00
Total
Forward - 60:00
Defense - 60:00

Play-by-Play

1st period


0:01 of 1st period - Steven Stamkos wins face-off versus Evgeni Malkin in neutral zone.
0:04 of 1st period - Shot by Kirill Kaprizov.
0:04 of 1st period - Goal by Kirill Kaprizov - RENO LIONS : 1 - UTAH ICE BEARS : 0.
0:05 of 1st period - Matthew Beniers wins face-off versus Pierre-Luc Dubois in neutral zone.
0:19 of 1st period - Off-side.
0:20 of 1st period - Ross Colton wins face-off versus Derek Grant in neutral zone.
1:13 of 1st period - Icing by Andreas Johnsson.
1:14 of 1st period - Evgeni Malkin wins face-off versus Derek Grant in RENO LIONS zone.
1:45 of 1st period - Andrew Mangiapane is hit by Derek Grant and loses puck.
2:12 of 1st period - Bowen Byram is hit by Trevor Lewis and loses puck.
2:34 of 1st period - Off-side.
2:35 of 1st period - Pierre-Luc Dubois wins face-off versus Blake Lizotte in neutral zone.
2:46 of 1st period - Shot by Cam Atkinson.
2:46 of 1st period - Stopped by Thatcher Demko with a rebound.
2:48 of 1st period - Shot by Ilya Mikheyev.
2:48 of 1st period - Shot Misses the Net.
2:50 of 1st period - Shot by Pierre-Luc Dubois.
2:50 of 1st period - Stopped by Thatcher Demko without a rebound.
2:51 of 1st period - Steven Stamkos wins face-off versus Matthew Beniers in UTAH ICE BEARS zone.
4:01 of 1st period - Icing by Jacob Trouba.
4:02 of 1st period - Kirill Kaprizov wins face-off versus Blake Lizotte in RENO LIONS zone.
4:31 of 1st period - Blake Lizotte is hit by Pierre-Luc Dubois and loses puck.
4:39 of 1st period - Shot by Ilya Mikheyev.
4:39 of 1st period - Shot Misses the Net.
4:59 of 1st period - Shot by Pierre-Luc Dubois.
4:59 of 1st period - Shot Misses the Net.
5:01 of 1st period - Shot by Cam Atkinson.
5:01 of 1st period - Deflect By Pierre-Luc Dubois.
5:01 of 1st period - Shot Blocked by MacKenzie Weegar.
5:03 of 1st period - Shot by Ilya Mikheyev.
5:03 of 1st period - Stopped by Thatcher Demko without a rebound.
5:04 of 1st period - Patrick Brown wins face-off versus Evgeni Malkin in UTAH ICE BEARS zone.
5:11 of 1st period - Shot by Andrew Mangiapane.
5:11 of 1st period - Shot Misses the Net.
5:24 of 1st period - Shot by Evgeni Malkin.
5:24 of 1st period - Stopped by Elvis Merzlikins without a rebound.
5:25 of 1st period - Ross Colton wins face-off versus Derek Grant in RENO LIONS zone.
5:28 of 1st period - Shot by Ross Colton.
5:28 of 1st period - Shot Misses the Net.
6:00 of 1st period - Shot by Rudolfs Balcers.
6:00 of 1st period - Stopped by Elvis Merzlikins without a rebound.
6:01 of 1st period - Pierre-Luc Dubois wins face-off versus Evgeni Malkin in RENO LIONS zone.
6:10 of 1st period - Shot by Pierre-Luc Dubois.
6:10 of 1st period - Shot Misses the Net.
6:15 of 1st period - Andrew Mangiapane is hit by Pierre-Luc Dubois and loses puck.
8:19 of 1st period - Off-side.
8:20 of 1st period - Derek Grant wins face-off versus Rudolfs Balcers in neutral zone.
8:46 of 1st period - Icing by Mattias Samuelsson.
8:47 of 1st period - Blake Lizotte wins face-off versus Derek Grant in RENO LIONS zone.
8:48 of 1st period - Shot by MacKenzie Weegar.
8:48 of 1st period - Stopped by Elvis Merzlikins with a rebound.
8:50 of 1st period - Shot by Blake Lizotte.
8:50 of 1st period - Shot Blocked by Mattias Samuelsson.
9:56 of 1st period - Icing by Mattias Samuelsson.
9:57 of 1st period - Derek Grant wins face-off versus Ross Colton in RENO LIONS zone.
9:57 of 1st period - Derek Grant is hit by Rudolfs Balcers.
10:53 of 1st period - Evgeni Malkin is hit by Jacob Trouba and loses puck.
10:54 of 1st period - Evgeni Malkin from UTAH ICE BEARS is injured at 10:54 of 1st period (Sprained Right Knee).
10:55 of 1st period - Steven Stamkos wins face-off versus Matthew Beniers in RENO LIONS zone.
10:59 of 1st period - Minor Penalty to Alexander Barabanov for Tripping.
11:00 of 1st period - Steven Stamkos wins face-off versus Casey Mittelstadt in UTAH ICE BEARS zone.
11:03 of 1st period - Shot by Kirill Kaprizov.
11:03 of 1st period - Shot Misses the Net.
11:05 of 1st period - Shot by Jacob Trouba.
11:05 of 1st period - Stopped by Thatcher Demko without a rebound.
11:06 of 1st period - Pierre-Luc Dubois wins face-off versus Casey Mittelstadt in UTAH ICE BEARS zone.
11:34 of 1st period - Shot by Cam Atkinson.
11:34 of 1st period - Stopped by Thatcher Demko without a rebound.
11:35 of 1st period - Steven Stamkos wins face-off versus Nicholas Paul in UTAH ICE BEARS zone.
13:08 of 1st period - Ethan Bear is hit by Andrew Mangiapane and loses puck.
13:17 of 1st period - Shot by Kyle Okposo.
13:17 of 1st period - Goal by Kyle Okposo - RENO LIONS : 1 - UTAH ICE BEARS : 1.
13:18 of 1st period - Steven Stamkos wins face-off versus Matthew Beniers in neutral zone.
13:41 of 1st period - Shot by Steven Stamkos.
13:41 of 1st period - Shot Blocked by T.J. Brodie.
13:49 of 1st period - Shot by Matthew Beniers.
13:49 of 1st period - Stopped by Elvis Merzlikins with a rebound.
13:51 of 1st period - Shot by T.J. Brodie.
13:51 of 1st period - Stopped by Elvis Merzlikins without a rebound.
13:52 of 1st period - Nicholas Paul wins face-off versus Patrick Brown in RENO LIONS zone.
13:53 of 1st period - Shot by Andrew Mangiapane.
13:53 of 1st period - Shot Blocked by Oliver Ekman-Larsson.
13:55 of 1st period - Shot by Mark Pysyk.
13:55 of 1st period - Shot Blocked by Jacob Trouba.
13:57 of 1st period - Shot by Andrew Mangiapane.
13:57 of 1st period - Stopped by Elvis Merzlikins with a rebound.
14:22 of 1st period - Icing by Jacob Trouba.
14:23 of 1st period - Matthew Beniers wins face-off versus Patrick Brown in RENO LIONS zone.
14:39 of 1st period - Icing by Jacob Trouba.
14:40 of 1st period - Ross Colton wins face-off versus Patrick Brown in RENO LIONS zone.
14:59 of 1st period - Shot by Rudolfs Balcers.
14:59 of 1st period - Stopped by Elvis Merzlikins without a rebound.
15:00 of 1st period - Pierre-Luc Dubois wins face-off versus Lucas Raymond in RENO LIONS zone.
15:00 of 1st period - Pierre-Luc Dubois is hit by Kyle Okposo.
15:44 of 1st period - Shot by Cam Atkinson.
15:44 of 1st period - Shot Blocked by Andrew Peeke.
15:55 of 1st period - Off-side.
15:56 of 1st period - Steven Stamkos wins face-off versus Ross Colton in neutral zone.
16:06 of 1st period - MacKenzie Weegar is hit by Jacob Trouba and loses puck.
16:28 of 1st period - Icing by Oliver Ekman-Larsson.
16:29 of 1st period - Elias Pettersson wins face-off versus Casey Mittelstadt in RENO LIONS zone.
17:41 of 1st period - Shot by Lucas Raymond.
17:41 of 1st period - Shot Misses the Net.
18:01 of 1st period - Shot by Pierre-Luc Dubois.
18:01 of 1st period - Deflect By Ilya Mikheyev.
18:01 of 1st period - Shot Misses the Net.
18:03 of 1st period - Shot by Nikita Zadorov.
18:03 of 1st period - Deflect By Pierre-Luc Dubois.
18:03 of 1st period - Shot Blocked by MacKenzie Weegar.
18:09 of 1st period - Shot by Pierre-Luc Dubois.
18:09 of 1st period - Shot Misses the Net.
18:14 of 1st period - Icing by MacKenzie Weegar.
18:15 of 1st period - Patrick Brown wins face-off versus Matthew Beniers in UTAH ICE BEARS zone.
19:14 of 1st period - Shot by Trevor Lewis.
19:14 of 1st period - Goal by Trevor Lewis - RENO LIONS : 2 - UTAH ICE BEARS : 1.
19:15 of 1st period - Pierre-Luc Dubois wins face-off versus Blake Lizotte in neutral zone.
19:38 of 1st period - Shot by Cam Atkinson.
19:38 of 1st period - Stopped by Thatcher Demko with a rebound.
19:40 of 1st period - Shot by Jacob Trouba.
19:40 of 1st period - Stopped by Thatcher Demko without a rebound.
19:41 of 1st period - Steven Stamkos wins face-off versus Matthew Beniers in UTAH ICE BEARS zone.
19:54 of 1st period - Shot by Alexander Barabanov.
19:54 of 1st period - Stopped by Elvis Merzlikins without a rebound.
19:55 of 1st period - Pierre-Luc Dubois wins face-off versus Ross Colton in RENO LIONS zone.
Goals for this period are 2 for RENO LIONS vs 1 for UTAH ICE BEARS.
Shots for this period are 9 for RENO LIONS vs 9 for UTAH ICE BEARS.

2nd period


0:01 of 2nd period - Pierre-Luc Dubois wins face-off versus Lucas Raymond in neutral zone.
0:12 of 2nd period - Shot by Pierre-Luc Dubois.
0:12 of 2nd period - Deflect By Ilya Mikheyev.
0:12 of 2nd period - Shot Misses the Net.
0:14 of 2nd period - Shot by Ilya Mikheyev.
0:14 of 2nd period - Shot Misses the Net.
0:39 of 2nd period - Shot by Cam Atkinson.
0:39 of 2nd period - Stopped by Thatcher Demko without a rebound.
0:40 of 2nd period - Steven Stamkos wins face-off versus Ross Colton in UTAH ICE BEARS zone.
0:55 of 2nd period - Shot by Kirill Kaprizov.
0:55 of 2nd period - Shot Misses the Net.
1:02 of 2nd period - Icing by T.J. Brodie.
1:03 of 2nd period - Ross Colton wins face-off versus Patrick Brown in UTAH ICE BEARS zone.
1:59 of 2nd period - Shot by Matthew Beniers.
1:59 of 2nd period - Stopped by Elvis Merzlikins without a rebound.
2:00 of 2nd period - Steven Stamkos wins face-off versus Lucas Raymond in RENO LIONS zone.
2:13 of 2nd period - Shot by Kirill Kaprizov.
2:13 of 2nd period - Shot Misses the Net.
2:15 of 2nd period - Shot by Kirill Kaprizov.
2:15 of 2nd period - Stopped by Thatcher Demko without a rebound.
2:16 of 2nd period - Pierre-Luc Dubois wins face-off versus Zachary Sanford in UTAH ICE BEARS zone.
2:19 of 2nd period - Shot by Cam Atkinson.
2:19 of 2nd period - Shot Misses the Net.
2:30 of 2nd period - Casey Mittelstadt is hit by Jacob Trouba and loses puck.
3:06 of 2nd period - Minor Penalty to Pierre-Luc Dubois for Hooking.
3:07 of 2nd period - Ross Colton wins face-off versus Patrick Brown in RENO LIONS zone.
4:06 of 2nd period - Nikita Zadorov is hit by Ross Colton and loses puck.
4:38 of 2nd period - Shot by Vincent Hinostroza.
4:38 of 2nd period - Stopped by Thatcher Demko without a rebound.
4:39 of 2nd period - Matthew Beniers wins face-off versus Trevor Lewis in UTAH ICE BEARS zone.
4:44 of 2nd period - Shot by Matthew Beniers.
4:44 of 2nd period - Stopped by Elvis Merzlikins without a rebound.
4:45 of 2nd period - Patrick Brown wins face-off versus Matthew Beniers in RENO LIONS zone.
5:00 of 2nd period - Shot by Lucas Raymond.
5:00 of 2nd period - Shot Misses the Net.
5:02 of 2nd period - Shot by Bowen Byram.
5:02 of 2nd period - Deflect By Lucas Raymond.
5:02 of 2nd period - Stopped by Elvis Merzlikins without a rebound.
5:03 of 2nd period - Andrew Mangiapane wins face-off versus Trevor Lewis in RENO LIONS zone.
5:04 of 2nd period - Shot by MacKenzie Weegar.
5:04 of 2nd period - Stopped by Elvis Merzlikins with a rebound.
5:06 of 2nd period - Shot by Nicholas Paul.
5:06 of 2nd period - Stopped by Elvis Merzlikins without a rebound.
5:07 of 2nd period - Steven Stamkos wins face-off versus Lucas Raymond in RENO LIONS zone.
5:34 of 2nd period - Shot by Kirill Kaprizov.
5:34 of 2nd period - Shot Misses the Net.
5:52 of 2nd period - Shot by Steven Stamkos.
5:52 of 2nd period - Shot Misses the Net.
5:54 of 2nd period - Shot by Oliver Ekman-Larsson.
5:54 of 2nd period - Shot Blocked by Tucker Poolman.
5:56 of 2nd period - Shot by Kirill Kaprizov.
5:56 of 2nd period - Stopped by Thatcher Demko without a rebound.
5:57 of 2nd period - Ross Colton wins face-off versus Pierre-Luc Dubois in UTAH ICE BEARS zone.
6:08 of 2nd period - Shot by Ross Colton.
6:08 of 2nd period - Stopped by Elvis Merzlikins without a rebound.
6:09 of 2nd period - Blake Lizotte wins face-off versus Derek Grant in RENO LIONS zone.
6:18 of 2nd period - Shot by Blake Lizotte.
6:18 of 2nd period - Shot Blocked by Robert Hagg.
6:34 of 2nd period - Icing by Zachary Sanford.
6:35 of 2nd period - Pierre-Luc Dubois wins face-off versus Blake Lizotte in UTAH ICE BEARS zone.
6:42 of 2nd period - Shot by Cam Atkinson.
6:42 of 2nd period - Shot Misses the Net.
6:44 of 2nd period - Shot by Ilya Mikheyev.
6:44 of 2nd period - Stopped by Thatcher Demko without a rebound.
6:45 of 2nd period - Matthew Beniers wins face-off versus Kirill Kaprizov in UTAH ICE BEARS zone.
6:45 of 2nd period - Matthew Beniers is hit by Steven Stamkos.
6:57 of 2nd period - Shot by Alexander Barabanov.
6:57 of 2nd period - Stopped by Elvis Merzlikins without a rebound.
6:58 of 2nd period - Pierre-Luc Dubois wins face-off versus Lucas Raymond in RENO LIONS zone.
7:31 of 2nd period - Shot by Pierre-Luc Dubois.
7:31 of 2nd period - Stopped by Thatcher Demko without a rebound.
7:32 of 2nd period - Steven Stamkos wins face-off versus Ross Colton in UTAH ICE BEARS zone.
7:33 of 2nd period - Shot by Kirill Kaprizov.
7:33 of 2nd period - Deflect By Elias Pettersson.
7:33 of 2nd period - Shot Blocked by T.J. Brodie.
8:23 of 2nd period - Jacob Trouba is hit by Nicholas Paul and loses puck.
8:57 of 2nd period - Shot by Ilya Mikheyev.
8:57 of 2nd period - Stopped by Thatcher Demko without a rebound.
8:58 of 2nd period - Matthew Beniers wins face-off versus Derek Grant in UTAH ICE BEARS zone.
8:58 of 2nd period - Matthew Beniers is hit by Trevor Lewis.
9:17 of 2nd period - Andreas Johnsson is hit by Andrew Peeke and loses puck.
9:28 of 2nd period - Shot by Derek Grant.
9:28 of 2nd period - Stopped by Thatcher Demko without a rebound.
9:29 of 2nd period - Lucas Raymond wins face-off versus Pierre-Luc Dubois in UTAH ICE BEARS zone.
9:45 of 2nd period - Shot by Cam Atkinson.
9:45 of 2nd period - Stopped by Thatcher Demko without a rebound.
9:46 of 2nd period - Patrick Brown wins face-off versus Blake Lizotte in UTAH ICE BEARS zone.
10:46 of 2nd period - Kyle Okposo is hit by Nikita Zadorov and loses puck.
10:58 of 2nd period - Kyle Okposo is hit by Nikita Zadorov and loses puck.
11:11 of 2nd period - Shot by Pierre-Luc Dubois.
11:11 of 2nd period - Stopped by Thatcher Demko without a rebound.
11:12 of 2nd period - Ross Colton wins face-off versus Steven Stamkos in UTAH ICE BEARS zone.
11:24 of 2nd period - Shot by Nicholas Paul.
11:24 of 2nd period - Stopped by Elvis Merzlikins without a rebound.
11:25 of 2nd period - Matthew Beniers wins face-off versus Derek Grant in RENO LIONS zone.
11:28 of 2nd period - Shot by Alexander Barabanov.
11:28 of 2nd period - Shot Misses the Net.
12:42 of 2nd period - Icing by Oliver Ekman-Larsson.
12:43 of 2nd period - Pierre-Luc Dubois wins face-off versus Nicholas Paul in RENO LIONS zone.
13:08 of 2nd period - Icing by Pierre-Luc Dubois.
13:09 of 2nd period - Blake Lizotte wins face-off versus Pierre-Luc Dubois in RENO LIONS zone.
13:35 of 2nd period - Icing by Mark Pysyk.
13:36 of 2nd period - Blake Lizotte wins face-off versus Steven Stamkos in UTAH ICE BEARS zone.
13:45 of 2nd period - Shot by Kirill Kaprizov.
13:45 of 2nd period - Stopped by Thatcher Demko without a rebound.
13:46 of 2nd period - Steven Stamkos wins face-off versus Lucas Raymond in UTAH ICE BEARS zone.
13:47 of 2nd period - Shot by Kirill Kaprizov.
13:47 of 2nd period - Deflect By Elias Pettersson.
13:47 of 2nd period - Stopped by Thatcher Demko without a rebound.
13:48 of 2nd period - Steven Stamkos wins face-off versus Matthew Beniers in UTAH ICE BEARS zone.
14:02 of 2nd period - Shot by Elias Pettersson.
14:02 of 2nd period - Stopped by Thatcher Demko without a rebound.
14:03 of 2nd period - Derek Grant wins face-off versus Lucas Raymond in UTAH ICE BEARS zone.
14:06 of 2nd period - Shot by Trevor Lewis.
14:06 of 2nd period - Stopped by Thatcher Demko without a rebound.
14:07 of 2nd period - Matthew Beniers wins face-off versus Elias Pettersson in UTAH ICE BEARS zone.
14:34 of 2nd period - Shot by Elias Pettersson.
14:34 of 2nd period - Stopped by Thatcher Demko without a rebound.
14:35 of 2nd period - Pierre-Luc Dubois wins face-off versus Lucas Raymond in UTAH ICE BEARS zone.
15:16 of 2nd period - Shot by Ilya Mikheyev.
15:16 of 2nd period - Stopped by Thatcher Demko without a rebound.
15:17 of 2nd period - Ross Colton wins face-off versus Steven Stamkos in UTAH ICE BEARS zone.
15:47 of 2nd period - Steven Stamkos is hit by Andrew Peeke and loses puck.
15:50 of 2nd period - Shot by Kirill Kaprizov.
15:50 of 2nd period - Shot Misses the Net.
15:52 of 2nd period - Shot by Elias Pettersson.
15:52 of 2nd period - Stopped by Thatcher Demko without a rebound.
15:53 of 2nd period - Derek Grant wins face-off versus Blake Lizotte in UTAH ICE BEARS zone.
15:54 of 2nd period - Shot by Andreas Johnsson.
15:54 of 2nd period - Stopped by Thatcher Demko without a rebound.
15:55 of 2nd period - Lucas Raymond wins face-off versus Pierre-Luc Dubois in UTAH ICE BEARS zone.
16:06 of 2nd period - Shot by Andrew Mangiapane.
16:06 of 2nd period - Shot Blocked by Oliver Ekman-Larsson.
16:16 of 2nd period - Shot by Pierre-Luc Dubois.
16:16 of 2nd period - Stopped by Thatcher Demko without a rebound.
16:17 of 2nd period - Ross Colton wins face-off versus Steven Stamkos in UTAH ICE BEARS zone.
16:17 of 2nd period - Ross Colton is hit by Elias Pettersson.
16:52 of 2nd period - Shot by Kirill Kaprizov.
16:52 of 2nd period - Shot Misses the Net.
17:19 of 2nd period - MacKenzie Weegar is hit by Jacob Trouba and loses puck.
17:31 of 2nd period - Shot by Pierre-Luc Dubois.
17:31 of 2nd period - Shot Misses the Net.
17:39 of 2nd period - Shot by Pierre-Luc Dubois.
17:39 of 2nd period - Stopped by Thatcher Demko with a rebound.
17:41 of 2nd period - Shot by Oliver Ekman-Larsson.
17:41 of 2nd period - Shot Misses the Net.
17:43 of 2nd period - Shot by Ilya Mikheyev.
17:43 of 2nd period - Stopped by Thatcher Demko without a rebound.
17:44 of 2nd period - Derek Grant wins face-off versus Nicholas Paul in UTAH ICE BEARS zone.
17:44 of 2nd period - Trevor Lewis is hit by Tucker Poolman and loses puck.
17:47 of 2nd period - Shot by Andreas Johnsson.
17:47 of 2nd period - Stopped by Thatcher Demko without a rebound.
17:48 of 2nd period - Derek Grant wins face-off versus Lucas Raymond in UTAH ICE BEARS zone.
18:15 of 2nd period - Shot by Andrew Mangiapane.
18:15 of 2nd period - Shot Blocked by Mattias Samuelsson.
18:17 of 2nd period - Shot by Andrew Mangiapane.
18:17 of 2nd period - Stopped by Elvis Merzlikins with a rebound.
18:19 of 2nd period - Shot by Andrew Mangiapane.
18:19 of 2nd period - Stopped by Elvis Merzlikins with a rebound.
18:23 of 2nd period - Shot by Andrew Mangiapane.
18:23 of 2nd period - Deflect By Kyle Okposo.
18:23 of 2nd period - Shot Misses the Net.
18:43 of 2nd period - Shot by Nicholas Paul.
18:43 of 2nd period - Goal by Nicholas Paul - RENO LIONS : 2 - UTAH ICE BEARS : 2.
18:44 of 2nd period - Blake Lizotte wins face-off versus Steven Stamkos in neutral zone.
19:17 of 2nd period - Jacob Trouba is hit by Zachary Sanford and loses puck.
19:22 of 2nd period - Shot by MacKenzie Weegar.
19:22 of 2nd period - Shot Blocked by Jacob Trouba.
19:24 of 2nd period - Shot by MacKenzie Weegar.
19:24 of 2nd period - Stopped by Elvis Merzlikins without a rebound.
19:25 of 2nd period - Pierre-Luc Dubois wins face-off versus Ross Colton in RENO LIONS zone.
19:25 of 2nd period - Pierre-Luc Dubois is hit by Ross Colton.
19:43 of 2nd period - Shot by Ilya Mikheyev.
19:43 of 2nd period - Stopped by Thatcher Demko with a rebound.
19:53 of 2nd period - Shot by Nicholas Paul.
19:53 of 2nd period - Stopped by Elvis Merzlikins with a rebound.
Goals for this period are 0 for RENO LIONS vs 1 for UTAH ICE BEARS.
Shots for this period are 23 for RENO LIONS vs 13 for UTAH ICE BEARS.

3rd period


0:01 of 3rd period - Matthew Beniers wins face-off versus Steven Stamkos in neutral zone.
0:03 of 3rd period - Off-side.
0:04 of 3rd period - Matthew Beniers wins face-off versus Steven Stamkos in neutral zone.
0:09 of 3rd period - Shot by Lucas Raymond.
0:09 of 3rd period - Deflect By Matthew Beniers.
0:09 of 3rd period - Shot Blocked by Mattias Samuelsson.
0:19 of 3rd period - Shot by Matthew Beniers.
0:19 of 3rd period - Shot Misses the Net.
0:27 of 3rd period - Shot by Lucas Raymond.
0:27 of 3rd period - Shot Misses the Net.
0:32 of 3rd period - Icing by Elias Pettersson.
0:33 of 3rd period - Steven Stamkos wins face-off versus Lucas Raymond in RENO LIONS zone.
0:33 of 3rd period - Steven Stamkos is hit by Andrew Mangiapane.
0:39 of 3rd period - Shot by Steven Stamkos.
0:39 of 3rd period - Shot Blocked by T.J. Brodie.
0:55 of 3rd period - Shot by Kyle Okposo.
0:55 of 3rd period - Deflect By Andrew Mangiapane.
0:55 of 3rd period - Stopped by Elvis Merzlikins with a rebound.
0:57 of 3rd period - Shot by Andrew Mangiapane.
0:57 of 3rd period - Stopped by Elvis Merzlikins with a rebound.
1:17 of 3rd period - Shot by Kyle Okposo.
1:17 of 3rd period - Shot Misses the Net.
1:53 of 3rd period - Shot by Cam Atkinson.
1:53 of 3rd period - Deflect By Pierre-Luc Dubois.
1:53 of 3rd period - Shot Misses the Net.
3:30 of 3rd period - Shot by Jacob Trouba.
3:30 of 3rd period - Stopped by Thatcher Demko without a rebound.
3:31 of 3rd period - Steven Stamkos wins face-off versus Ross Colton in UTAH ICE BEARS zone.
3:34 of 3rd period - Shot by Elias Pettersson.
3:34 of 3rd period - Shot Misses the Net.
3:50 of 3rd period - Shot by Elias Pettersson.
3:50 of 3rd period - Deflect By Steven Stamkos.
3:50 of 3rd period - Shot Misses the Net.
4:02 of 3rd period - Shot by Nicholas Paul.
4:02 of 3rd period - Shot Misses the Net.
5:15 of 3rd period - Off-side.
5:16 of 3rd period - Derek Grant wins face-off versus Matthew Beniers in neutral zone.
5:55 of 3rd period - Shot by Trevor Lewis.
5:55 of 3rd period - Stopped by Thatcher Demko without a rebound.
5:56 of 3rd period - Nicholas Paul wins face-off versus Patrick Brown in UTAH ICE BEARS zone.
6:09 of 3rd period - Shot by Vincent Hinostroza.
6:09 of 3rd period - Shot Misses the Net.
6:48 of 3rd period - Icing by Ethan Bear.
6:49 of 3rd period - Patrick Brown wins face-off versus Matthew Beniers in RENO LIONS zone.
7:09 of 3rd period - Off-side.
7:10 of 3rd period - Pierre-Luc Dubois wins face-off versus Blake Lizotte in neutral zone.
7:33 of 3rd period - Shot by Pierre-Luc Dubois.
7:33 of 3rd period - Stopped by Thatcher Demko with a rebound.
8:21 of 3rd period - Icing by Alexander Barabanov.
8:22 of 3rd period - Elias Pettersson wins face-off versus Matthew Beniers in UTAH ICE BEARS zone.
8:25 of 3rd period - Shot by Kirill Kaprizov.
8:25 of 3rd period - Shot Misses the Net.
8:27 of 3rd period - Shot by Nikita Zadorov.
8:27 of 3rd period - Shot Misses the Net.
8:29 of 3rd period - Shot by Kirill Kaprizov.
8:29 of 3rd period - Shot Blocked by Bowen Byram.
8:33 of 3rd period - Shot by Elias Pettersson.
8:33 of 3rd period - Shot Blocked by Alexander Barabanov.
8:35 of 3rd period - Shot by Kirill Kaprizov.
8:35 of 3rd period - Stopped by Thatcher Demko without a rebound.
8:36 of 3rd period - Derek Grant wins face-off versus Lucas Raymond in UTAH ICE BEARS zone.
9:28 of 3rd period - Icing by Andreas Johnsson.
9:29 of 3rd period - Derek Grant wins face-off versus Ross Colton in RENO LIONS zone.
9:41 of 3rd period - Icing by Trevor Lewis.
9:42 of 3rd period - Blake Lizotte wins face-off versus Derek Grant in RENO LIONS zone.
10:31 of 3rd period - Off-side.
10:32 of 3rd period - Pierre-Luc Dubois wins face-off versus Lucas Raymond in neutral zone.
10:35 of 3rd period - Shot by Cam Atkinson.
10:35 of 3rd period - Shot Blocked by Andrew Peeke.
11:12 of 3rd period - Shot by Pierre-Luc Dubois.
11:12 of 3rd period - Stopped by Thatcher Demko without a rebound.
11:13 of 3rd period - Nicholas Paul wins face-off versus Steven Stamkos in UTAH ICE BEARS zone.
11:25 of 3rd period - Icing by Kirill Kaprizov.
11:26 of 3rd period - Steven Stamkos wins face-off versus Ross Colton in RENO LIONS zone.
11:26 of 3rd period - Steven Stamkos is hit by Ross Colton.
11:47 of 3rd period - Shot by Steven Stamkos.
11:47 of 3rd period - Goal by Steven Stamkos - RENO LIONS : 3 - UTAH ICE BEARS : 2.
11:48 of 3rd period - Pierre-Luc Dubois wins face-off versus Matthew Beniers in neutral zone.
12:01 of 3rd period - Shot by Alexander Barabanov.
12:01 of 3rd period - Goal by Alexander Barabanov - RENO LIONS : 3 - UTAH ICE BEARS : 3.
12:02 of 3rd period - Lucas Raymond wins face-off versus Steven Stamkos in neutral zone.
12:13 of 3rd period - Shot by Kyle Okposo.
12:13 of 3rd period - Shot Misses the Net.
13:00 of 3rd period - Oliver Ekman-Larsson is hit by Rudolfs Balcers and loses puck.
13:26 of 3rd period - Off-side.
13:27 of 3rd period - Pierre-Luc Dubois wins face-off versus Blake Lizotte in neutral zone.
13:27 of 3rd period - Pierre-Luc Dubois is hit by Zachary Sanford.
13:45 of 3rd period - Shot by Cam Atkinson.
13:45 of 3rd period - Stopped by Thatcher Demko without a rebound.
13:46 of 3rd period - Patrick Brown wins face-off versus Matthew Beniers in UTAH ICE BEARS zone.
13:49 of 3rd period - Shot by Vincent Hinostroza.
13:49 of 3rd period - Stopped by Thatcher Demko with a rebound.
14:45 of 3rd period - Shot by Cam Atkinson.
14:45 of 3rd period - Stopped by Thatcher Demko without a rebound.
14:46 of 3rd period - Nicholas Paul wins face-off versus Derek Grant in UTAH ICE BEARS zone.
14:50 of 3rd period - Icing by Andrew Mangiapane.
14:51 of 3rd period - Nicholas Paul wins face-off versus Pierre-Luc Dubois in UTAH ICE BEARS zone.
16:04 of 3rd period - Shot by Steven Stamkos.
16:04 of 3rd period - Stopped by Thatcher Demko without a rebound.
16:05 of 3rd period - Trevor Lewis wins face-off versus Matthew Beniers in UTAH ICE BEARS zone.
16:06 of 3rd period - Shot by Andreas Johnsson.
16:06 of 3rd period - Stopped by Thatcher Demko without a rebound.
16:07 of 3rd period - Steven Stamkos wins face-off versus Matthew Beniers in UTAH ICE BEARS zone.
16:24 of 3rd period - Shot by Kirill Kaprizov.
16:24 of 3rd period - Stopped by Thatcher Demko without a rebound.
16:25 of 3rd period - Ross Colton wins face-off versus Andreas Johnsson in UTAH ICE BEARS zone.
16:46 of 3rd period - Shot by Rudolfs Balcers.
16:46 of 3rd period - Shot Blocked by Ethan Bear.
16:48 of 3rd period - Shot by Nicholas Paul.
16:48 of 3rd period - Shot Misses the Net.
17:24 of 3rd period - Shot by Pierre-Luc Dubois.
17:24 of 3rd period - Shot Misses the Net.
18:07 of 3rd period - Shot by Elias Pettersson.
18:07 of 3rd period - Stopped by Thatcher Demko without a rebound.
18:08 of 3rd period - Kirill Kaprizov wins face-off versus Lucas Raymond in UTAH ICE BEARS zone.
18:35 of 3rd period - Shot by Lucas Raymond.
18:35 of 3rd period - Stopped by Elvis Merzlikins without a rebound.
18:36 of 3rd period - Derek Grant wins face-off versus Blake Lizotte in RENO LIONS zone.
Goals for this period are 1 for RENO LIONS vs 1 for UTAH ICE BEARS.
Shots for this period are 13 for RENO LIONS vs 4 for UTAH ICE BEARS.

Overtime #1


0:01 of 1st overtime period - Steven Stamkos wins face-off versus Andrew Mangiapane in neutral zone.
0:11 of 1st overtime period - Shot by Kirill Kaprizov.
0:11 of 1st overtime period - Shot Misses the Net.
0:20 of 1st overtime period - Shot by Kirill Kaprizov.
0:20 of 1st overtime period - Shot Blocked by Andrew Mangiapane.
0:22 of 1st overtime period - Shot by Jacob Trouba.
0:22 of 1st overtime period - Stopped by Thatcher Demko without a rebound.
0:23 of 1st overtime period - Kyle Okposo wins face-off versus Steven Stamkos in UTAH ICE BEARS zone.
0:46 of 1st overtime period - Shot by Steven Stamkos.
0:46 of 1st overtime period - Stopped by Thatcher Demko without a rebound.
0:47 of 1st overtime period - Kyle Okposo wins face-off versus Steven Stamkos in UTAH ICE BEARS zone.
2:10 of 1st overtime period - Shot by Pierre-Luc Dubois.
2:10 of 1st overtime period - Shot Hit the Post.
2:12 of 1st overtime period - Shot by Jacob Trouba.
2:12 of 1st overtime period - Deflect By Pierre-Luc Dubois.
2:12 of 1st overtime period - Shot Blocked by T.J. Brodie.
2:23 of 1st overtime period - Icing by Nicholas Paul.
2:24 of 1st overtime period - Steven Stamkos wins face-off versus Nicholas Paul in UTAH ICE BEARS zone.
2:51 of 1st overtime period - Shot by Steven Stamkos.
2:51 of 1st overtime period - Stopped by Thatcher Demko without a rebound.
2:52 of 1st overtime period - Kyle Okposo wins face-off versus Pierre-Luc Dubois in UTAH ICE BEARS zone.
3:04 of 1st overtime period - Shot by Elias Pettersson.
3:04 of 1st overtime period - Stopped by Thatcher Demko without a rebound.
3:05 of 1st overtime period - Steven Stamkos wins face-off versus Kyle Okposo in UTAH ICE BEARS zone.
3:10 of 1st overtime period - Shot by Steven Stamkos.
3:10 of 1st overtime period - Deflect By Kirill Kaprizov.
3:10 of 1st overtime period - Stopped by Thatcher Demko without a rebound.
3:11 of 1st overtime period - Kyle Okposo wins face-off versus Steven Stamkos in UTAH ICE BEARS zone.
4:58 of 1st overtime period - Shot by Lucas Raymond.
4:58 of 1st overtime period - Stopped by Elvis Merzlikins without a rebound.
4:59 of 1st overtime period - Cam Atkinson wins face-off versus Kyle Okposo in RENO LIONS zone.
Goals for this period are 0 for RENO LIONS vs 0 for UTAH ICE BEARS.
Shots for this period are 5 for RENO LIONS vs 1 for UTAH ICE BEARS.

ShootOut


5:00 of 1st overtime period - Round #1.
5:00 of 1st overtime period - RENO LIONS, Steven Stamkos.
5:00 of 1st overtime period - Shot Misses the Net.
5:00 of 1st overtime period - UTAH ICE BEARS, Matthew Beniers.
5:00 of 1st overtime period - Stopped by Elvis Merzlikins.
5:00 of 1st overtime period - Round #2.
5:00 of 1st overtime period - RENO LIONS, Kirill Kaprizov.
5:00 of 1st overtime period - Shot Misses the Net.
5:00 of 1st overtime period - UTAH ICE BEARS, Kyle Okposo.
5:00 of 1st overtime period - Stopped by Elvis Merzlikins.
5:00 of 1st overtime period - Round #3.
5:00 of 1st overtime period - RENO LIONS, Elias Pettersson.
5:00 of 1st overtime period - Stopped by Thatcher Demko.
5:00 of 1st overtime period - UTAH ICE BEARS, Alexander Barabanov.
5:00 of 1st overtime period - Stopped by Elvis Merzlikins.
5:00 of 1st overtime period - Round #4.
5:00 of 1st overtime period - RENO LIONS, Pierre-Luc Dubois.
5:00 of 1st overtime period - Stopped by Thatcher Demko.
5:00 of 1st overtime period - UTAH ICE BEARS, Nicholas Paul.
5:00 of 1st overtime period - Goal by Nicholas Paul.


SEBASTIAN
AHO
MARK
SCHEIFELE
JAKE
OETTINGER

EAST COAST

HOCKEY LEAGUE

  • 17.QUE3CHI2
  • 18.CHA2LIM4
  • 19.TRV3LON2
  • 20.CHW1BAL2
  • 21.PITMAN
  • 22.ATLNHW
  • 23.WORPET
  • 24.RHI